Map: Ever Dream LE

Players

Serral - Winner!

  • Race: Zerg Zerg
  • League: Grandmaster
  • Spawn Location: 1:00

Reynor

  • Race: Zerg Zerg
  • League: Master
  • Spawn Location: 7:00

Event: Shopify TSL 5

VOD

Have the link to the VOD?

Description

Time

  • Played on: May 24, 2020, 1:05 p.m.
  • Length: 5:26

All games in this series

Show
View Real Time Build Order
Export as new Build Order

Serral Zerg - Winner!

Build Orders: Hatch First, Zergling Baneling 

Get SALT Encoding   

  12  0:00  Drone  
  13  0:13  Overlord  
  13  0:16  Drone  
  14  0:31  Drone x2  
  16  0:47  Hatchery  
  15  0:51  Drone  
  15  0:54  Drone  
  17  0:58  Drone  
  18  1:08  Extractor  
  17  1:13  Spawning Pool  
  17  1:16  Drone  
  17  1:19  Drone  
  18  1:28  Drone  
  19  1:39  Drone  
  20  1:50  Drone  
  21  2:00  Queen x2, Zergling x2  
  21  2:01  Overlord  
  26  2:08  Metabolic Boost  
  26  2:11  Drone x2  
  28  2:26  Zergling x4  
  30  2:32  Hatchery  
  30  2:35  Drone  
  30  2:37  Drone  
  31  2:45  Drone, Baneling Nest  
  31  2:50  Overlord  
  31  2:53  Drone  
  30  3:06  Zergling x6  
  30  3:08  Overlord  
  30  3:10  Overlord  
  33  3:13  Zergling x2  
  34  3:26  Zergling x2  
  35  3:28  Baneling  
  35  3:32  Baneling  
  35  3:33  Zergling x8  
  39  3:40  Zergling x6  
  39  3:41  Zergling x6  
  45  3:42  Baneling x2  
  45  3:46  Zergling x4  
  44  3:52  Zergling x2  
  45  3:59  Zergling x4  
  45  4:00  Zergling x2  
  48  4:06  Zergling x6  
  51  4:11  Baneling x2  
  51  4:12  Baneling x3  
  51  4:15  Zergling x4  
  52  4:25  Zergling x10  
  52  4:31  Zergling x4  
  48  4:39  Zergling x6  
  48  4:40  Zergling x2  
  52  4:47  Baneling  
  52  4:48  Baneling x3  
  52  4:50  Zergling x2  
  52  4:51  Zergling x4  
  55  4:56  Overlord  
Show
View Real Time Build Order
Export as new Build Order

Reynor Zerg 

Build Orders: Hatch First 

Get SALT Encoding   

  12  0:00  Drone  
  13  0:12  Overlord  
  13  0:16  Drone  
  14  0:30  Drone x2  
  16  0:47  Hatchery  
  15  0:51  Drone  
  15  0:54  Drone  
  17  0:57  Drone  
  17  1:00  Extractor  
  17  1:13  Spawning Pool  
  17  1:16  Drone  
  17  1:19  Drone  
  18  1:27  Drone  
  19  1:38  Drone  
  20  2:00  Zergling x4  
  20  2:01  Queen x2  
  24  2:02  Metabolic Boost  
  24  2:07  Overlord  
  26  2:10  Drone  
  26  2:12  Drone  
  28  2:25  Drone x2  
  30  2:34  Hatchery  
  30  2:36  Drone  
  30  2:42  Drone  
  30  2:44  Overlord  
  31  2:47  Zergling x2  
  32  2:54  Zergling x4  
  34  3:04  Zergling x4  
  35  3:12  Queen  
  37  3:13  Zergling x10  
  37  3:16  Drone  
  43  3:21  Overlord  
  43  3:24  Drone  
  44  3:28  Roach Warren  
  44  3:33  Drone  
  44  3:39  Drone  
  45  3:43  Overlord  
  45  3:47  Drone  
  45  3:48  Drone  
  42  4:01  Overlord  
  42  4:08  Roach x4  
  49  4:10  Roach  
  49  4:12  Zergling x12  
  56  4:20  Queen  
  56  4:23  Roach, Zergling x2  
  58  4:26  Zergling x2  
  54  4:33  Roach  
  48  4:39  Zergling x4  
  52  4:45  Zergling x2  
  52  4:49  Roach  
  54  4:53  Zergling x4  
  56  5:02  Roach  
  56  5:05  Roach x2  
Tags
 
Add a new tag
Caveats
  • Supply blocks, unpowered buildings, or Contaminate may cause inaccurate times.
  • Supply counts are checked every 10 seconds.